 Dungeon Crawl Stone Soup version 0.29.0-13-gc9e81de378 (webtiles) character file.

Game seed: 10055413721007204639

65 brightshaft the Slasher (level 4, -2/38 HPs)
             Began as a Gnoll Wanderer on Sept 7, 2022.
             Slain by an orc
             ... wielding a +0 club
              (4 damage)
             ... on level 3 of the Dungeon.
             The game lasted 00:02:41 (2193 turns).

brightshaft the Slasher (Gnoll Wanderer)            Turns: 2193, Time: 00:02:42

Health: -2/38      AC:  3    Str: 11    XL:     4   Next: 13%
Magic:  5/8        EV: 12    Int: 13    God:
Gold:   148        SH:  0    Dex: 12    Spells: 8/9 levels left

rFire   . . .      SeeInvis .   l - +2 whip (venom)
rCold   . . .      Faith    .   (no shield)
rNeg    . . .      Spirit   .   d - +0 robe
rPois   .          Reflect  .   b - +0 helmet
rElec   .          Harm     .   (no cloak)
rCorr   .          Rampage  .   (no gloves)
Will    .....                   (no boots)
Stlth   ++........              (no amulet)
HPRegen 0.12/turn               (no ring)
MPRegen 0.11/turn               (no ring)

@: very slightly contaminated
A: fangs 1, strong nose, distributed training
a: no special abilities


You were on level 3 of the Dungeon.
You visited 1 branch of the dungeon, and saw 3 of its levels.

You collected 148 gold pieces.

Inventory:

Hand Weapons
 a - a +2 falchion
 l - a +2 whip of venom (weapon)
Armour
 b - a +0 helmet (worn)
 d - a +0 robe (worn)
 g - the +1 plate armour of Altruism {Dex+3}
   (You found it on level 2 of the Dungeon)

   Dex:       It affects your dexterity (+3).
Scrolls
 e - a scroll of torment {unknown}
 f - a scroll of butterflies {unknown}
 h - 3 scrolls of identify {unknown}
 j - a scroll of silence {unknown}
 k - 2 scrolls of amnesia {unknown}
 n - a scroll of fear {unknown}
Potions
 c - 2 potions of curing
 i - a potion of invisibility {unknown}
 m - a potion of lignification {unknown}


   Skills:
 + Level 4.6 Fighting
 + Level 1.1 Short Blades
 + Level 6.6 Long Blades
 + Level 1.1 Axes
 + Level 1.1 Maces & Flails
 + Level 1.1 Polearms
 + Level 1.1 Staves
 + Level 1.1 Ranged Weapons
 + Level 1.1 Throwing
 + Level 1.1 Armour
 + Level 2.7 Dodging
 + Level 2.5 Stealth
 + Level 1.1 Shields
 + Level 1.1 Unarmed Combat
 + Level 3.0 Spellcasting
 + Level 0.8 Conjurations
 + Level 0.8 Hexes
 + Level 0.8 Summonings
 + Level 2.2 Necromancy
 + Level 0.8 Translocations
 + Level 0.8 Transmutations
 + Level 0.8 Fire Magic
 + Level 0.8 Ice Magic
 + Level 0.8 Air Magic
 + Level 0.8 Earth Magic
 + Level 0.8 Poison Magic
 + Level 2.8 Invocations
 + Level 1.1 Evocations


You had 8 spell levels left.
You knew the following spells:

 Your Spells              Type           Power      Damage    Failure   Level
a - Necrotise             Necr           28%        1d5       10%         1

Your spell library contained the following spells:

 Spells                   Type           Power      Damage    Failure   Level
 Sting                    Tmut/Pois      16%        1d3       16%         1
 Poisonous Vapours        Pois/Air       8%         N/A       24%         2
 Vampiric Draining        Necr           7%         2d6       28%         3
 Portal Projectile        Hex/Tloc       8%         N/A       43%         3
 Tukima's Dance           Hex            4%         N/A       43%         3
 Olgreb's Toxic Radiance  Pois           4%         N/A       85%         4
 Blade Hands              Tmut           2%         N/A       99%         5


Dungeon Overview and Level Annotations

Branches:
Dungeon (3/15)

Altars:
Fedhas


Innate Abilities, Weirdness & Mutations

You have very sharp teeth.
Your uncanny sense of smell can sniff out nearby items.
Your experience applies equally to all skills.


Message History

The goblin wields a +0 dagger.
The goblin closely misses you.
Aiming: Necrotise (safe; 10% risk of failure)
Press: ? - help, Q - select action Shift-Dir - straight line, f - orc
Aim: an orc, wielding a +0 trident and wearing a +0 leather armour (chance to affect: 72%)
The orc writhes in agony.
The black bear falls through a shaft!
The shaft crumbles and collapses.
A frilled lizard comes into view.
The goblin misses you.
Aiming: Necrotise (safe; 10% risk of failure)
Press: ? - help, Q - select action Shift-Dir - straight line, f/p - orc
Aim: an orc, wielding a +0 trident and wearing a +0 leather armour (severely wounded, chance to affect: 72%)
The orc writhes in agony.
The frilled lizard hisses angrily.
The orc hits you from afar with a +0 trident.
The goblin hits you with a +0 dagger.
Aiming: Necrotise (safe; 10% risk of failure)
Press: ? - help, Q - select action Shift-Dir - straight line, f/p - orc
Aim: an orc, wielding a +0 trident and wearing a +0 leather armour (severely wounded, chance to affect: 72%)
You miscast Necrotise.
You are very lightly contaminated with residual magic.
Nothing appears to happen.
The orc hits you from afar with a +0 trident.
The orc barely misses you. The goblin hits you but does no damage.
Aiming: Necrotise (safe; 10% risk of failure)
Press: ? - help, Q - select action Shift-Dir - straight line, f/p - orc
Aim: an orc, wielding a +0 trident and wearing a +0 leather armour (severely wounded, chance to affect: 72%)
The orc writhes in agony.
The orc hits you from afar with a +0 trident.
The orc barely misses you. The orc hits you with a +0 hand axe.
The goblin hits you with a +0 dagger. The orc attacks as you move away!
The orc barely misses you. The orc hits you with a +0 club.
* * * LOW HITPOINT WARNING * * *
The orc attacks as you move away! The orc hits you with a +0 hand axe.
* * * LOW HITPOINT WARNING * * *
The orc attacks as you move away! The orc hits you with a +0 club.
* * * LOW HITPOINT WARNING * * *
The orc attacks as you move away! The orc barely misses you.
The orc attacks as you move away! The orc hits you with a +0 club.
You die...

..........(.....
................
................
....:(...........
........l......)..
#.....o..........
##...o.g........
###....oo........
........@.....#.
###..........##
#...###.....#
............#.#
###....##.#.#.#
#### ...#.#.####
###.#......#
.........##$#
#####....#


You could see 4 orcs, a goblin and a frilled lizard.

Vanquished Creatures
  2 adders
  A dart slug (D:1)
  3 worms
  2 ball pythons (D:2)
  5 endoplasms
  2 giant cockroaches
  4 goblins
  4 hobgoblins
  A quokka (D:2)
  A bat (D:2)
  2 frilled lizards
  3 kobolds (D:1)
  5 rats
35 creatures vanquished.

Vanquished Creatures (others)
  A plant (D:2)
1 creature vanquished.

Grand Total: 36 creatures vanquished

Notes
Turn   | Place    | Note
-------+----------+-------------------------------------------
     0 | D:1      | brightshaft the Gnoll Wanderer began the quest for the Orb.
     0 | D:1      | brightshaft set off with the following items: a +2
                  | falchion, a +0 helmet, a potion of curing, a +0 robe; and
                  | the following spell memorised: Necrotise; and the following
                  | spells available to memorise: Vampiric Draining.
     0 | D:1      | Reached XP level 1. HP: 20/20 MP: 4/4
    20 | D:1      | You fall into a shaft and drop 1 floor!
    29 | D:2      | Identified the +1 plate armour of Altruism {Dex+3}
   135 | D:2      | Reached XP level 2. HP: 10/26 MP: 5/5
  1235 | D:2      | Reached XP level 3. HP: 31/31 MP: 7/7
  1627 | D:2      | Found a blossoming altar of Fedhas.
  1642 | D:2      | Reached skill level 1 in Short Blades
  1642 | D:2      | Reached skill level 1 in Axes
  1642 | D:2      | Reached skill level 1 in Maces & Flails
  1642 | D:2      | Reached skill level 1 in Polearms
  1642 | D:2      | Reached skill level 1 in Staves
  1642 | D:2      | Reached skill level 1 in Ranged Weapons
  1642 | D:2      | Reached skill level 1 in Throwing
  1642 | D:2      | Reached skill level 1 in Armour
  1642 | D:2      | Reached skill level 1 in Shields
  1642 | D:2      | Reached skill level 1 in Unarmed Combat
  1642 | D:2      | Reached skill level 1 in Evocations
  1851 | D:2      | Found a faded altar of an unknown god.
  2160 | D:3      | Reached XP level 4. HP: 38/38 MP: 8/8
  2182 | D:3      | Noticed a black bear
  2193 | D:3      | Slain by an orc

Illustrated notes

Levels and vault maps discovered:
D:1:      psy_arrival_radial01, layout_basic
D:2:      layout_loops_ring, basic_altar,
          shapermc_ecumenical_altar_mp_ritualfount
D:3:      layout_basic

Skill      XL: |  1  2  3  4 |
---------------+-------------+-----
Necromancy     | 2 |  2.2
Short Blades   | 1 |  1.1
Axes           | 1 |  1.1
Maces & Flails | 1 |  1.1
Polearms       | 1 |  1.1
Staves         | 1 |  1.1
Ranged Weapons | 1 |  1.1
Throwing       | 1 |  1.1
Armour         | 1 |  1.1
Shields        | 1 |  1.1
Unarmed Combat | 1 |  1.1
Evocations     | 1 |  1.1
Spellcasting   | 3 |  3.0
Fighting       | |  4.6
Long Blades    | |  6.6
Dodging        | |  2.7
Stealth        | |  2.5
Conjurations   | |  0.8
Hexes          | |  0.8
Summonings     | |  0.8
Translocations | |  0.8
Transmutations | |  0.8
Fire Magic     | |  0.8
Ice Magic      | |  0.8
Air Magic      | |  0.8
Earth Magic    | |  0.8
Poison Magic   | |  0.8
Invocations    | |  2.8

Action                   |  1- 3 |  4- 6 || total
-------------------------+-------+-------++-------
Melee: Falchion          |    38 |       ||    38
       Bite              |    11 |     2 ||    13
       Whip              |    67 |     6 ||    73
       Punch             |     1 |     1 ||     2
 Cast: Necrotise         |     1 |     3 ||     4
 Stab: Sleeping          |     7 |     1 ||     8
Armor: Robe              |    17 |     2 ||    19
Dodge: Dodged            |    67 |     9 ||    76
